cohdb
Replays
Latest Replays
All Replays
Popular Replays
Top Player Replays
Match Explorer
How It Works
Community
CoH3 Stats
Reddit
Sign in to upload your games and track your stats! →
Sign in with Steam
Match 47039312
Unlisted
Match 47039312
Overview
Messages
Build Orders
End
Kradschützen Motorcycle Team
Selects Italian Combined Arms Battlegroup
Selects Italian Combined Arms Battlegroup
Selects Italian Combined Arms Battlegroup
Selects Bersaglieri Squad
Bersaglieri Squad
250 Light Carrier
Bersaglieri Squad
Construct Light Support Kompanie
Combat Half-tracks
Fire Support Elements
Selects Bersaglieri Bolster
Selects Bersaglieri Bolster
Flakvierling Half-track
Vehicle Survival Package
Panzerjäger Mechanized Group
水银灯
유파_Yupa
A2O
Dsadow
Kikastis
Potato Ball Sack
Miško
GODOKGAME
0
0
Comments
sign in to comment!
No comments posted yet!